Map: Glittering Ashes LE

Players

LiquidMaNa (MaNa)

  • Race: Protoss Protoss

TIME (Oliveira) - Winner!

  • Race: Terran Terran

Event: TSL 8

VOD

Have the link to the VOD?

Description

Time

  • Played on: Nov. 28, 2021, 10:35 a.m.
  • Length: 11:14

All games in this series

Show
View Real Time Build Order
Export as new Build Order

LiquidMaNa Protoss 

Build Orders: 1 Gate Expand, Oracle Opening 

Get SALT Encoding   

  12  0:00  Probe  
  13  0:12  Probe  
  14  0:20  Pylon  
  14  0:24  Probe  
  15  0:38  Gateway, Probe (Chrono Boost)  
  16  0:43  Assimilator  
  16  0:46  Probe (Chrono Boost)  
  17  0:53  Probe  
  18  1:05  Probe  
  19  1:18  Probe  
  20  1:26  Cybernetics Core  
  20  1:32  Pylon  
  20  1:42  Nexus  
  20  1:54  Probe  
  21  2:00  Adept (Chrono Boost)  
  21  2:02  Assimilator  
  21  2:06  Shield Battery  
  21  2:08  Probe  
  24  2:13  Warp Gate  
  24  2:20  Adept (Chrono Boost), Probe  
  27  2:32  Probe  
  28  2:37  Stargate  
  28  2:44  Probe  
  28  2:45  Adept  
  31  2:59  Probe x2  
  33  3:11  Probe  
  33  3:12  Probe  
  35  3:16  Gateway  
  35  3:18  Oracle (Chrono Boost)  
  35  3:23  Probe  
  35  3:24  Probe  
  40  3:35  Probe  
  40  3:36  Probe  
  40  3:41  Twilight Council  
  42  3:42  Pylon  
  42  3:47  Probe  
  43  3:49  Probe  
  44  3:59  Pylon  
  44  4:00  Probe  
  44  4:01  Probe  
  46  4:07  Nexus  
  46  4:12  Probe  
  46  4:13  Probe, Sentry  
  46  4:17  Assimilator  
  50  4:22  Blink (Chrono Boost)  
  50  4:24  Probe  
  51  4:25  Probe  
  52  4:36  Probe  
  52  4:37  Probe  
  52  4:38  Stalker x2  
  58  4:43  Assimilator  
  58  4:49  Probe  
  58  4:50  Pylon  
  58  4:51  Robotics Facility  
  58  4:52  Probe  
  60  5:01  Probe  
  60  5:04  Probe, Pylon  
  62  5:10  Gateway  
  62  5:11  Gateway  
  62  5:13  Probe  
  63  5:16  Probe  
  63  5:19  Probe  
  65  5:23  Pylon  
  65  5:25  Probe, Sentry  
  65  5:26  Sentry  
  70  5:29  Probe  
  70  5:31  Probe  
  70  5:34  Robotics Facility  
  69  5:38  Probe  
  69  5:42  Robotics Bay  
  70  5:43  Observer (Chrono Boost)  
  70  5:45  Probe x2  
  70  5:48  Assimilator  
  73  5:50  Probe  
  73  5:52  Assimilator  
  73  5:54  Phoenix  
  76  5:57  Probe x2  
  76  5:59  Shield Battery  
  76  6:02  Immortal (Chrono Boost)  
  82  6:07  Probe  
  82  6:09  Probe  
  82  6:12  Probe  
  82  6:15  Stalker x2  
  82  6:17  Observer  
  87  6:19  Probe  
  87  6:21  Shield Battery  
  87  6:24  Probe x2  
  90  6:28  Disruptor (Chrono Boost)  
  90  6:32  Probe  
  94  6:36  Probe  
  94  6:37  Disruptor (Chrono Boost)  
  98  6:40  Stalker  
  98  6:43  Pylon  
  98  6:44  Pylon  
  100  6:50  Pylon  
  100  6:52  Charge  
  100  6:53  Pylon  
  100  6:58  Disruptor (Chrono Boost)  
  100  7:03  Disruptor (Chrono Boost)  
  104  7:18  Zealot x4  
  90  7:26  Disruptor  
  85  7:37  Stalker x4  
  93  7:44  Probe  
  93  7:46  Observer  
  94  7:55  Stalker x4  
  94  7:58  Observer  
  102  7:59  Pylon  
  102  8:01  Pylon  
  102  8:03  Nexus  
  102  8:20  Stalker x3  
  102  8:21  Stalker  
  102  8:23  Probe x2  
  102  8:25  Pylon  
  111  8:28  Disruptor (Chrono Boost)  
  114  8:38  Observer  
  114  8:41  Colossus (Chrono Boost)  
  120  8:50  Zealot, Probe x2  
  124  8:56  Observer  
  124  9:03  Shield Battery  
  124  9:08  Observer  
  125  9:10  Nexus  
  125  9:12  Forge, Pylon  
  125  9:14  Forge  
  125  9:22  Sentry x3  
  131  9:26  Zealot  
  131  9:28  Observer (Chrono Boost), Probe x2  
  131  9:29  Observer (Chrono Boost)  
  131  9:31  Assimilator  
  137  9:32  Assimilator  
  137  9:37  Dark Shrine  
  137  9:46  Observer (Chrono Boost)  
  137  9:50  Photon Cannon  
  137  9:51  Stalker  
  137  9:52  Stalker x3  
  144  10:06  Pylon  
  143  10:08  Pylon  
  143  10:09  Pylon x2  
  143  10:10  Pylon  
  143  10:14  Photon Cannon  
  127  10:21  Zealot x3  
  122  10:34  Stalker  
Show
View Real Time Build Order
Export as new Build Order

TIME Terran - Winner!

Build Orders: Reaper Expand 

Get SALT Encoding   

  12  0:00  SCV  
  13  0:13  SCV  
  14  0:17  Supply Depot  
  14  0:25  SCV  
  15  0:39  SCV  
  15  0:40  Barracks  
  16  0:44  Refinery  
  16  0:51  SCV  
  17  1:03  SCV  
  18  1:15  SCV  
  19  1:28  Reaper, Orbital Command  
  20  1:42  Command Center  
  20  1:49  Supply Depot  
  20  1:54  SCV  
  20  1:59  Marine  
  22  2:06  SCV  
  23  2:13  Factory  
  23  2:17  Marine  
  23  2:18  Bunker  
  23  2:21  SCV  
  25  2:30  Refinery  
  25  2:33  SCV  
  25  2:36  Barracks Reactor  
  26  2:45  SCV  
  27  2:54  Orbital Command  
  27  2:59  Starport, Hellion, SCV  
  30  3:11  SCV  
  31  3:12  Marine  
  31  3:13  Marine, Orbital Command  
  31  3:17  Orbital Command  
  33  3:20  Widow Mine  
  33  3:26  SCV  
  36  3:30  Marine x2  
  36  3:32  Supply Depot  
  38  3:40  SCV  
  39  3:42  Widow Mine, Viking  
  39  3:44  SCV  
  44  3:48  Marine  
  44  3:51  Supply Depot  
  44  3:53  SCV  
  46  3:57  SCV  
  46  3:59  Barracks  
  47  4:05  Factory Tech Lab  
  47  4:06  SCV  
  47  4:09  SCV  
  49  4:10  Marine x2  
  49  4:13  Supply Depot  
  51  4:18  Starport Tech Lab, Barracks  
  51  4:22  SCV  
  51  4:24  SCV  
  53  4:28  Siege Tank  
  56  4:34  SCV  
  56  4:36  Supply Depot  
  56  4:38  Marine x2  
  56  4:39  SCV  
  56  4:42  Engineering Bay  
  59  4:48  SCV  
  59  4:51  Barracks Tech Lab, SCV  
  61  4:54  Refinery  
  61  4:58  Marine x2  
  63  5:01  Supply Depot, SCV  
  63  5:03  SCV  
  68  5:09  Terran Infantry Weapons Level 1  
  68  5:11  Stimpack, Marine x2  
  70  5:16  SCV, Marine  
  70  5:18  Combat Shield  
  70  5:20  SCV  
  73  5:23  Starport Reactor  
  73  5:24  Supply Depot, Marine  
  74  5:29  SCV  
  74  5:30  Refinery  
  74  5:31  Marine  
  74  5:32  SCV  
  75  5:37  Marine  
  75  5:38  Marauder  
  75  5:41  SCV  
  79  5:44  Supply Depot, SCV  
  79  5:45  Marine  
  81  5:53  SCV  
  81  5:56  Marauder  
  84  5:59  Medivac x2  
  84  6:01  Marauder, Supply Depot, Marine  
  91  6:07  Siege Tank, Marine  
  92  6:28  Marine  
  92  6:29  Marauder  
  93  6:35  Command Center  
  93  6:38  Supply Depot  
  93  6:42  Marine  
  93  6:46  SCV x2, Marine  
  97  6:47  Factory Reactor  
  97  6:50  Marauder  
  97  6:52  Medivac  
  97  6:53  Medivac, Barracks  
  103  6:54  Barracks  
  103  7:01  Marauder  
  103  7:04  Terran Infantry Armor Level 1  
  103  7:05  SCV  
  103  7:06  SCV, Marine  
  108  7:11  Marauder  
  105  7:17  Marine  
  99  7:23  Marauder  
  99  7:24  Marine  
  99  7:25  Medivac x2  
  99  7:26  Widow Mine  
  99  7:27  Widow Mine, SCV  
  99  7:28  SCV  
  111  7:32  Marine  
  111  7:35  Marine  
  113  7:39  Concussive Shells  
  113  7:44  Marauder  
  113  7:46  Barracks Reactor, Barracks Tech Lab  
  113  7:47  Marine  
  113  7:49  Orbital Command  
  113  7:50  SCV  
  113  7:51  Marauder  
  114  7:53  Starport, Marine  
  114  7:57  SCV  
  116  8:01  Refinery x2  
  115  8:05  SCV  
  115  8:09  Liberator x2, Supply Depot  
  115  8:12  Marauder x2  
  126  8:14  SCV  
  126  8:15  SCV  
  126  8:17  Marauder  
  126  8:18  Supply Depot, Marine  
  131  8:22  Marine  
  131  8:23  SCV  
  133  8:33  Marauder  
  121  8:34  Marauder, Marine  
  121  8:36  SCV x2  
  121  8:41  Marauder  
  128  8:43  Liberator x2, Marine x2  
  128  8:48  Supply Depot x2  
  136  8:50  Marine  
  136  8:52  SCV  
  136  8:54  Liberator  
  136  8:55  Marauder  
  143  8:58  Liberator  
  143  9:02  Marauder, Marine  
  146  9:10  Missile Turret  
  146  9:12  Missile Turret  
  146  9:14  Marauder, Marine  
  146  9:16  Marauder  
  151  9:21  Marine x2  
  153  9:25  Marine  
  153  9:26  Marauder  
  153  9:27  Liberator  
  159  9:32  Marine  
  160  9:43  Supply Depot  
  160  9:44  Supply Depot  
  160  9:45  Liberator  
  163  9:49  Command Center  
  163  10:01  Marauder  
  163  10:04  Liberator  
  163  10:05  Liberator  
  171  10:09  Marauder, Marine x2  
  175  10:17  Marine x2  
Tags
 
Add a new tag
Caveats
  • Supply blocks, unpowered buildings, or Contaminate may cause inaccurate times.
  • Supply counts are checked every 10 seconds.